 Dungeon Crawl Stone Soup version 0.30-a0-613-gdd512c7efb (webtiles) character file.

Game seed: 14140020831754583768

15376 bmack86 the Severer (level 12, -6/113 HPs)
             Began as a Minotaur Fighter on Jan 8, 2023.
             Was a High Priest of Okawaru.
             Mangled by a skeletal warrior
             ... wielding a +0 flail
              (21 damage)
             ... on level 11 of the Dungeon.
             The game lasted 00:25:07 (9150 turns).

bmack86 the Severer (Minotaur Fighter)              Turns: 9150, Time: 00:25:08

Health: -6/113     AC: 21    Str: 24    XL:     12   Next: 0%
Magic:  11/13      EV: 12    Int:  5    God:    Okawaru [*****.]
Gold:   780        SH:  7    Dex: 12    Spells: 11/11 levels left

rFire   x . .      SeeInvis +    I - +10 broad axe "Garit" {heavy, rF- Will++ SInv Stlth+}
rCold   + + .      Faith    +    c - +0 buckler
rNeg    . . .      Spirit   .    y - +7 Kryia's mail coat {PotionHeal*2 rC+}
rPois   .          Reflect  .    (helmet restricted)
rElec   .          Harm     .    N - +0 cloak
rCorr   .          Rampage  .    n - +1 pair of gloves
Will    ++...                    (no boots)
Stlth   ++                       q - amulet of faith
HPRegen 0.38/turn                h - ring of protection from cold
MPRegen 0.13/turn                j - ring of see invisible

@: heroic, studying Axes
A: horns 2, retaliatory headbutt
a: Renounce Religion, Heroism, Finesse, Duel


You were on level 11 of the Dungeon.
You worshipped Okawaru.
Okawaru was extremely pleased with you.
You visited 2 branches of the dungeon, and saw 12 of its levels.
You also visited: Sewer.

You collected 780 gold pieces.

Inventory:

Hand Weapons
 a - a +1 war axe of freezing
 E - the +6 war axe of Poyloopt {drain, rN+}
   (You found it in a sewer)

   rN:        It protects you from negative energy.
 I - the +10 broad axe "Garit" (weapon) {heavy, rF- Will++ SInv Stlth+}
   (You acquired it on level 7 of the Dungeon)

   rF:        It makes you vulnerable to fire.
   SInv:      It lets you see invisible.
   Will:      It greatly increases your willpower.
   Stlth:     It makes you more stealthy.
Missiles
 e - 7 boomerangs
 g - a throwing net
 l - 5 silver boomerangs (quivered)
 p - 17 poisoned darts
 M - 3 silver javelins
Armour
 c - a +0 buckler (worn)
 n - a +1 pair of gloves (worn)
 t - a scarf of harm
 v - a scarf of invisibility
 y - the +7 Kryia's mail coat (worn) {PotionHeal*2 rC+}
   (You found it on level 8 of the Dungeon)

   Potions are twice as effective at healing its wearer.
   rC:        It protects you from cold.
 N - a +0 cloak (worn)
Jewellery
 b - a ring of resist corrosion
 h - a ring of protection from cold (left hand)
 j - a ring of see invisible (right hand)
 k - a ring of ice
 q - an amulet of faith (around neck)
 Q - a ring of flight
Wands
 r - a wand of iceblast (19)
 s - a wand of flame (35)
 w - a wand of light (17)
 J - a wand of paralysis (9)
 K - a wand of mindburst (19)
Scrolls
 f - 3 scrolls of noise
 o - 4 scrolls of fog
 x - 2 scrolls of teleportation
 A - 2 scrolls of enchant armour
 B - a scroll of blinking
 L - 2 scrolls of identify
 O - a scroll of brand weapon
 P - 2 scrolls of amnesia
Potions
 d - a potion of might
 i - 2 potions of heal wounds
 m - 6 potions of flight
 u - 7 potions of curing
 z - a potion of lignification
 C - 2 potions of haste
 D - 3 potions of brilliance
 F - 2 potions of magic
 G - a potion of cancellation
 H - a potion of resistance


   Skills:
 * Level 12.9(17.9) Fighting
 * Level 15.4(20.4) Axes
 + Level 6.9(11.9) Throwing
 + Level 9.6(14.6) Armour
 + Level 9.5(14.5) Shields
 + Level 3.8 Invocations


You had 11 spell levels left.
You didn't know any spells.
Your spell library contained the following spells:

 Spells                   Type           Power      Damage    Failure   Level
 Apportation              Tloc           0%         N/A       75%         1
 Ozocubu's Armour         Ice            0%         N/A       98%         3
 Alistair's Intoxication  Tmut/Pois      0%         N/A       100%        5
 Metabolic Englaciation   Hex/Ice        0%         N/A       100%        5
 Summon Small Mammal      Summ           Unusable   N/A       N/A         1
 Call Canine Familiar     Summ           Unusable   N/A       N/A         3
 Summon Guardian Golem    Hex/Summ       Unusable   N/A       N/A         3
 Simulacrum               Ice/Necr       Unusable   N/A       N/A         6

Dungeon Overview and Level Annotations

Branches:
Dungeon (11/15)            Temple (1/1) D:6            Lair (0/5) D:9
    Orc (0/2) D:9           Sewer (visited)

Altars:
Ashenzari
Cheibriados
Dithmenos
Elyvilon
Fedhas
Gozag
Hepliaklqana
Kikubaaqudgha
Makhleb
Nemelex Xobeh
Okawaru
Qazlal
Ru
Sif Muna
Trog
Uskayaw
Vehumet
Wu Jian
Xom
Yredelemnul
Zin
The Shining One

Annotations:
D:3 3 runed translucent doors, crescentfresh's ghost, amateur TeCj
D:5 3 runed translucent doors, wormed's ghost, amateur OpTm


Innate Abilities, Weirdness & Mutations

You have a pair of horns on your head.
You reflexively headbutt those who attack you in melee.


Message History

You block the skeletal warrior's attack.
The skeletal warrior closely misses you.
You furiously retaliate!
You headbutt the skeletal warrior!
The skeletal warrior hits you with a +0 flail!
The skeletal warrior closely misses you.
You furiously retaliate!
You headbutt the skeletal warrior, but do no damage.
The skeletal warrior hits you with a +0 dire flail.
* * * LOW HITPOINT WARNING * * *
You slice the skeletal warrior!!
You destroy the skeletal warrior!
Okawaru is honoured by your kill.
You closely miss the skeletal warrior. x2
The skeletal warrior hits you but does no damage.
The skeletal warrior hits you with a +0 flail.
* * * LOW HITPOINT WARNING * * *
You have reached level 12!
You feel agile.
You slice the skeletal warrior like a ripe choko!!!
The skeletal warrior is almost destroyed.
You slash the skeletal warrior!
The skeletal warrior hits you with a +0 flail!
* * * LOW HITPOINT WARNING * * *
The skeletal warrior hits you but does no damage.
You hit the skeletal warrior but do no damage.
The skeletal warrior is almost destroyed.
You slash the skeletal warrior!
The skeletal warrior hits you but does no damage.
The skeletal warrior barely misses you. You furiously retaliate!
You headbutt the skeletal warrior. You barely miss the skeletal warrior.
The skeletal warrior is almost destroyed.
You slice the skeletal warrior!!
You block the skeletal warrior's attack.
The skeletal warrior hits you but does no damage.
You closely miss the skeletal warrior. You headbutt the skeletal warrior.
The skeletal warrior is almost destroyed.
You barely miss the skeletal warrior.
The skeletal warrior hits you with a +0 flail!!
You die...

#. ##.##.#####
###.###..<#......
..#>...#...#
#.#.#...#.#
#......##.#
#.#.#..# #
##......#
#..#z#.<#
#...)@..#
#..##z.>.# #..#.
##.....# .#..
......# # #######


You could see 2 skeletal warriors.

Vanquished Creatures
  Josephine (D:10)
  Harold (D:9)
  4 two-headed ogres
  3 skeletal warriors (D:11)
  Pikel (D:4)
  An ugly thing (D:10)
  Maurice (D:8)
  2 gargoyles
  Joseph (D:9)
  3 wraiths (D:10)
  Eustachio (D:4)
  Grum (D:9)
  19 yaks
  3 wyverns
  3 vampire mosquitoes (D:11)
  An acid dragon (D:10)
  5 water moccasins
  A sky beast (D:7)
  3 orc warriors
  3 ice beasts
  4 wolves (D:9)
  A centaur (D:10)
  An ogre (D:4)
  2 kobold brigands
  3 bullfrogs
  3 scorpions
  3 wights (D:7)
  10 killer bees
  4 howler monkeys
  4 jellies
  4 hounds
  2 orc priests
  Crazy Yiuf (D:7)
  4 iguanas
  Ijyb (D:4)
  6 orc wizards
  11 gnolls
  7 adders
  A river rat (Sewer)
  2 ufetubi
  3 worms
  4 dart slugs
  34 orcs
  14 endoplasms
  7 giant cockroaches
  A hobgoblin (D:2)
  22 kobolds
  A quokka (D:2)
  8 ball pythons
  2 bats (D:1)
  5 frilled lizards
  2 goblins (D:2)
  14 rats
  A spectral kobold (D:1)
250 creatures vanquished.

Vanquished Creatures (others)
  4 fungi (D:9)
  9 plants (D:9)
13 creatures vanquished.

Grand Total: 263 creatures vanquished

Notes
Turn   | Place    | Note
-------+----------+-------------------------------------------
     0 | D:1      | bmack86 the Minotaur Fighter began the quest for the Orb.
     0 | D:1      | Reached XP level 1. HP: 19/19 MP: 0/0
   296 | D:1      | Found a faded altar of an unknown god.
   519 | D:2      | Reached XP level 2. HP: 27/27 MP: 1/1
   616 | D:2      | Reached skill level 3 in Axes
   624 | D:2      | Reached XP level 3. HP: 15/33 MP: 2/2
   928 | D:2      | Reached XP level 4. HP: 41/41 MP: 3/3
  1567 | D:3      | Found a runed translucent gate.
  1567 | D:3      | Found a runed translucent gate.
  1569 | D:3      | Found a runed translucent gate.
  1571 | D:3      | Noticed crescentfresh's ghost (amateur TeCj)
  1589 | D:3      | Reached skill level 4 in Axes
  1593 | D:3      | Reached skill level 5 in Fighting
  1593 | D:3      | Reached XP level 5. HP: 36/48 MP: 4/4
  1942 | D:4      | Reached XP level 6. HP: 53/56 MP: 5/5
  2095 | D:4      | Reached skill level 1 in Throwing
  2096 | D:4      | Reached skill level 5 in Axes
  2128 | D:4      | Noticed Ijyb
  2133 | D:4      | Killed Ijyb
  2339 | D:4      | Noticed Eustachio
  2357 | D:4      | Killed Eustachio
  2358 | D:4      | Reached skill level 5 in Armour
  2358 | D:4      | Reached skill level 5 in Shields
  2358 | D:4      | Reached XP level 7. HP: 15/63 MP: 6/6
  2686 | D:4      | Noticed Pikel
  2703 | D:4      | Killed Pikel
  2704 | D:4      | Reached skill level 6 in Axes
  2704 | D:4      | Reached XP level 8. HP: 59/73 MP: 7/7
  2879 | D:5      | Entered Level 5 of the Dungeon
  3032 | D:5      | Reached skill level 7 in Axes
  3228 | D:5      | Found a runed translucent gate.
  3228 | D:5      | Found a runed translucent gate.
  3228 | D:5      | Found a runed translucent gate.
  3229 | D:5      | Noticed wormed's ghost (amateur OpTm)
  3240 | D:5      | Found a shadowy altar of Dithmenos.
  3838 | D:6      | Found a staircase to the Ecumenical Temple.
  3855 | Temple   | Entered the Ecumenical Temple
  3855 | Temple   | Found a transporter.
  3855 | Temple   | Found a transporter.
  3857 | Temple   | Found a transporter.
  3857 | Temple   | Found a transporter.
  4359 | D:6      | Found a glowing drain.
  4368 | Sewer    | Entered a sewer
  4520 | Sewer    | Reached skill level 8 in Axes
  4522 | Sewer    | Identified the +6 war axe of Poyloopt {drain, rN+}
  4636 | Sewer    | Found a viscous altar of Jiyva.
  4938 | D:6      | Reached XP level 9. HP: 78/82 MP: 8/8
  5085 | D:7      | Identified 2 scrolls of acquirement
  5085 | D:7      | Acquired the +10 broad axe "Garit" {heavy, rF- Will++ SInv
                  | Stlth+}
  5166 | D:7      | Acquired a manual of Axes
  5215 | D:7      | Reached skill level 9 in Axes
  5403 | D:7      | Found an iron altar of Okawaru.
  5403 | D:7      | Found a hide-covered altar of Uskayaw.
  5411 | D:7      | Found a burning altar of Makhleb.
  5414 | D:7      | Became a worshipper of Warmaster Okawaru
  5418 | D:7      | Found a glowing silver altar of Zin.
  5420 | D:7      | Found a blossoming altar of Fedhas.
  5580 | D:7      | Noticed a gargoyle
  5581 | D:7      | Found a faded altar of an unknown god.
  5582 | D:7      | Found a hazy altar of Hepliaklqana.
  5587 | D:7      | Killed a gargoyle
  5855 | D:7      | Found a runed translucent door.
  5856 | D:7      | Noticed Crazy Yiuf
  5860 | D:7      | Killed Crazy Yiuf
  6054 | D:8      | Found the +7 Kryia's mail coat {PotionHeal*2 rC+}
  6191 | D:8      | Noticed a two-headed ogre
  6195 | D:8      | Killed a two-headed ogre
  6195 | D:8      | Reached * piety under Okawaru
  6196 | D:8      | Reached skill level 10 in Fighting
  6196 | D:8      | Reached skill level 10 in Axes
  6196 | D:8      | Reached XP level 10. HP: 93/93 MP: 9/9
  6581 | D:8      | Reached skill level 5 in Throwing
  6613 | D:8      | Noticed Maurice
  6619 | D:8      | Killed Maurice
  6619 | D:8      | Reached ** piety under Okawaru
  6620 | D:8      | Reached skill level 11 in Axes
  6809 | D:9      | Noticed Joseph
  6815 | D:9      | Killed Joseph
  6976 | D:9      | Reached skill level 12 in Axes
  7042 | D:9      | Found a glowing golden altar of the Shining One.
  7117 | D:9      | Reached *** piety under Okawaru
  7134 | D:9      | Found a staircase to the Lair.
  7141 | D:9      | Reached skill level 1 in Invocations
  7141 | D:9      | Reached **** piety under Okawaru
  7145 | D:9      | Noticed a two-headed ogre
  7146 | D:9      | Reached skill level 13 in Axes
  7147 | D:9      | Noticed Harold
  7156 | D:9      | Killed a two-headed ogre
  7157 | D:9      | Reached XP level 11. HP: 32/102 MP: 9/11
  7165 | D:9      | Killed Harold
  7526 | D:9      | Noticed Grum
  7535 | D:9      | Killed Grum
  7740 | D:9      | Noticed a two-headed ogre
  7746 | D:9      | Killed a two-headed ogre
  7919 | D:9      | Found a snail-covered altar of Cheibriados.
  7993 | D:9      | Found a staircase to the Orcish Mines.
  8239 | D:10     | Entered Level 10 of the Dungeon
  8295 | D:10     | Noticed a two-headed ogre
  8301 | D:10     | Killed a two-headed ogre
  8301 | D:10     | Reached ***** piety under Okawaru
  8301 | D:10     | Received a gift from Okawaru
  8302 | D:10     | Reached skill level 14 in Axes
  8475 | D:10     | Noticed Josephine
  8486 | D:10     | Killed Josephine
  8486 | D:10     | Received a gift from Okawaru
  8763 | D:10     | Noticed a cyan ugly thing
  8768 | D:10     | Killed a cyan ugly thing
  9006 | D:10     | Identified the +1 scale mail of the Hurtling Gods {rC-
                  | Int-2 Dex+5 Stlth+}
  9060 | D:10     | Received a gift from Okawaru
  9121 | D:11     | Noticed a skeletal warrior
  9132 | D:11     | Noticed a skeletal warrior
  9135 | D:11     | Noticed a skeletal warrior
  9136 | D:11     | Killed a skeletal warrior
  9137 | D:11     | Reached skill level 15 in Axes
  9138 | D:11     | Noticed a skeletal warrior
  9140 | D:11     | Noticed a skeletal warrior
  9144 | D:11     | Killed a skeletal warrior
  9144 | D:11     | Identified the +1 plate armour "Daogg" {Drain Int+2 Dex+3}
                  | (Okawaru gifted it to you on level 11 of the Dungeon)
  9144 | D:11     | Received a gift from Okawaru
  9146 | D:11     | Killed a skeletal warrior
  9147 | D:11     | Reached XP level 12. HP: 28/113 MP: 11/13
  9150 | D:11     | Mangled by a skeletal warrior

Illustrated notes

Levels and vault maps discovered:
D:1:      psy_arrival_spokes, layout_rooms,
          dreamdust_ecumenical_altar_drowned_temple, minmay_misc_feat_chi
D:2:      layout_rooms, serial_forest, infiniplex_forest_straight_2,
          infiniplex_forest_lined_room_2, infiniplex_forest_lined_3_way,
          infiniplex_forest_corner_2, infiniplex_forest_end_2,
          infiniplex_forest_end_3
D:3:      layout_basic, ebering_ghost_rock_garden, kennysheep_generic_room_11
D:4:      layout_basic, minmay_misc_feat_enclosed, uniq_ijyb, uniq_pikel,
          uniq_eustachio
D:5:      layout_basic, mainiacjoe_overflow_tiny_flanked,
          gammafunk_ghost_necromancy, minivault_27,
          chequers_serial_rivers_small_b
D:6:      layout_loops_ring, minmay_temple_entry_wispy, portal_sewer_entry_e
D:7:      layout_rooms, beargit_hepliaklqana_dungeon_heroes,
          chequers_temple_overflow_minitemple, grunt_decor_resistance,
          uniq_crazy_yiuf_cottage
D:8:      layout_basic, minmay_misc_feat_more_columns,
          amcnicky_mini_corridor_feature, kennysheep_big_empty_room,
          uniq_maurice
D:9:      layout_loops_ring, lemuel_doored_altar, kennysheep_little_box,
          minmay_lair_entry_grove, hiddenorc1_lemuel, uniq_grum, uniq_harold,
          uniq_joseph
D:10:     layout_roguey, uniq_josephine
D:11:     minmay_the_grid_triangle_9x9_line_8_mashed
          [minmay_the_grid_triangle_9x9_shrine,
          minmay_the_grid_triangle_9x9_thin_v,
          minmay_the_grid_triangle_9x9_corruption,
          minmay_the_grid_triangle_9x9_checkered,
          minmay_the_grid_triangle_9x9_subtriangle,
          minmay_the_grid_triangle_9x9_descending_squares,
          minmay_the_grid_triangle_9x9_skeleton,
          minmay_the_grid_triangle_9x9_prize_center], layout_loops_ring,
          serial_co_window_serial, co_window_paths_a, co_window_corner_a,
          co_window_of_opportunity_a, co_window_paths_b, co_window_paths_b,
          co_window_broadway_c, co_window_broadway_b, co_window_paths_c,
          co_window_broadway_a, co_window_4corner_a, co_window_paths_d,
          glass_columns_a
Temple:   hellmonk_temple_divided_pantheon

Skill      XL: |  1  2  3  4  5  6  7  8  9 10 11 |
---------------+----------------------------------+-----
Fighting       | 4 5 6 7 8 10 11 12 | 12.9
Axes           | 3 4 5 6 8 10 13 15 | 15.4
Armour         | 4 5 6 7 8 9 |  9.6
Shields        | 4 5 6 7 8 9 |  9.5
Throwing       | 1 2 3 4 5 6 |  6.9
Invocations    | 1 3 |  3.8

Action                   |  1- 3 |  4- 6 |  7- 9 | 10-12 || total
-------------------------+-------+-------+-------+-------++-------
Melee: War axe           |    44 |    79 |   132 |       ||   255
       Headbutt          |    12 |    15 |    32 |    26 ||    85
       Broad axe         |       |       |    28 |   159 ||   187
Invok: Heroism           |       |       |       |     2 ||     2
  Use: Scroll            |     1 |     7 |    14 |     3 ||    25
       Potion            |       |       |       |     1 ||     1
Armor: Scale mail        |    23 |    36 |       |   127 ||   186
       Chain mail        |       |    11 |    80 |       ||    91
Dodge: Dodged            |    20 |    49 |    54 |    94 ||   217
Block: Buckler           |     6 |    22 |    30 |    67 ||   125

Table legend: (Time is in decaauts)
 A = Elapsed time spent in this place.
 B = Non-inter-level travel time spent in this place.
 C = Inter-level travel time spent in this place.
 D = Time resting spent in this place.
 E = Time spent auto-exploring this place.
 F = Levels seen in this place.
 G = Mean time per level.
                   A        B        C        D        E       F      G
               +--------+--------+--------+--------+--------+-----+--------+
         Total |   9339 |   9064 |    275 |    381 |   6077 |  13 |  718.4 |
       Dungeon |   8891 |   8616 |    275 |    381 |   5906 |  11 |  808.3 |
        Temple |     45 |     45 |      0 |      0 |      0 |   1 |   45.0 |
         Sewer |    402 |    402 |      0 |      0 |    170 |   1 |  402.0 |
               +--------+--------+--------+--------+--------+-----+--------+

Top non-repeatable levels by time:
     D:9: 1464 daAuts
     D:4: 1063 daAuts
     D:7: 953 daAuts
     D:6: 909 daAuts
     D:5: 903 daAuts
    D:10: 897 daAuts
     D:8: 801 daAuts
     D:2: 701 daAuts
     D:3: 656 daAuts
     D:1: 503 daAuts
   Sewer: 402 daAuts
  Temple: 45 daAuts
    D:11: 36 daAuts
